 Dungeon Crawl Stone Soup version 0.16-a0-3211-g52b77fd (webtiles) character file.

18 Fiveotanaka the Digger (level 2, 0/15 HPs)
             Began as a Gargoyle Earth Elementalist on Dec 20, 2014.
             Slain by a jackal (2 damage)
             ... on level 1 of the Dungeon.
             The game lasted 00:02:41 (799 turns).

Fiveotanaka the Digger (Gargoyle Earth Elementalist) Turns: 799, Time: 00:02:41

Health: 0/15       AC:  4    Str: 11    XL:     2   Next: 70%
Magic:  0/4        EV: 12    Int: 15    God:
Gold:   28         SH:  0    Dex: 10    Spells: 1 memorised, 4 levels left

rFire  . . .     SeeInvis .     e - +0 club
rCold  . . .     Clarity  .     c - +0 robe
rNeg   + . .     SustAb   .     (no shield)
rPois  ∞         Gourm    .     (no helmet)
rElec  +         Spirit   .     (no cloak)
rCorr  .         Warding  .     (no gloves)
rMut   .         Stasis   .     (no boots)
MR     .....                    (no amulet)
Stlth  ++........               (no ring)
                                (no ring)

@: not resistant to hostile enchantments, unstealthy
A: negative energy resistance 1, electricity resistance, unbreathing,
petrification resistance, rot immunity, AC +2
a: no special abilities


You were on level 1 of the Dungeon.
You were not hungry.

You visited 1 branch of the dungeon, and saw 1 of its levels.

You collected 28 gold pieces.

Inventory:

Hand weapons
 e - a +0 club (weapon)
Missiles
 b - 44 stones (quivered)
 i - 24 poisoned needles
Armour
 c - a +0 robe (worn)
Scrolls
 g - 2 scrolls of identify {unknown}
 j - 2 scrolls of remove curse {unknown}
 k - a scroll of amnesia {unknown}
 l - a scroll of fog {unknown}
Potions
 h - 2 potions of agility {unknown}
Books
 d - a book of Geomancy

   Spells                             Type                      Level
   a - Sandblast                      Earth                        1
   b - Stoneskin                      Transmutation/Earth          2
   c - Passwall                       Transmutation/Earth          3
   d - Stone Arrow                    Conjuration/Earth            3
   e - Petrify                        Transmutation/Earth          4
   f - Lee's Rapid Deconstruction     Earth                        5
Comestibles
 a - a bread ration
 f - a chunk of flesh


   Skills:
 - Level 1.5 Dodging
 - Level 2.1 Stealth
 - Level 2.0 Spellcasting
   Level 0.7 Transmutations
 + Level 4.7 Earth Magic


You had 4 spell levels left.
You knew the following spells:

 Your Spells              Type           Power        Failure   Level  Hunger
a - Sandblast             Erth           ###...       3%          1    #......


Dungeon Overview and Level Annotations

Branches:
Dungeon (1/15)

Altars:


Innate Abilities, Weirdness & Mutations

You are resistant to torment.
You are immune to poison.
Your stone body is very resilient (AC +2).
You resist negative energy.
You are resistant to electric shocks.
You can survive without breathing.
You are immune to petrification.
You are immune to rotting.


Message History

The jackal completely misses you.
You miss the jackal.
The jackal is heavily wounded.
The jackal bites you but does no damage.
The jackal closely misses you.
You barely miss the jackal.
The jackal is heavily wounded.
The jackal closely misses you. x2
Casting: Sandblast
Confirm with . or Enter, or press ? or * to list all spells.
Aiming: Sandblast
Press: ? - help, Shift-Dir - straight line, f/p - jackal
Aim: a jackal (heavily wounded)
The blast of sand hits the jackal.
The jackal is almost dead.
The jackal closely misses you. The jackal completely misses you.
The jackal bites you but does no damage.
The jackal bites you.
You die...

#..#†# #.....# ###..#.#
#####.# #......# #######.#
#......# #.......# #......#
#........ #......###
#.......# #........#
#.......# #.....h..#
######### ###...@..# #.......
#......# #.......
#######....#######.......
#.....'..................
#.#####..................
#.#......................
######
#.#......................
.....#
#.#.................####.
.....####.#........########.#
#.


You could see a jackal.

Vanquished Creatures
  3 bats (D:1)
  3 hobgoblins (D:1)
  2 jackals (D:1)
  3 kobolds (D:1)
  A giant newt (D:1)
  3 goblins (D:1)
  A rat (D:1)
16 creatures vanquished.

Notes
Turn   | Place    | Note
--------------------------------------------------------------
     0 | D:1      | Fiveotanaka, the Gargoyle Earth Elementalist, began the quest for the Orb.
     0 | D:1      | Reached XP level 1. HP: 10/10 MP: 3/3
   169 | D:1      | Reached skill level 4 in Earth Magic
   316 | D:1      | Reached XP level 2. HP: 15/15 MP: 1/4
   799 | D:1      | Slain by a jackal

Action                   || total
-------------------------++-------
Melee: Club              ||    26
 Cast: Sandblast         ||    33
